 Dungeon Crawl Stone Soup version 0.19-a0-49-gb8736b8 (webtiles) character file.

20071 M4edhros the Martial Artist (level 12, -4/82 HPs)
             Began as an Octopode Necromancer on May 6, 2016.
             Was a High Priest of Cheibriados.
             Killed from afar by an ice statue (23 damage)
             ... with a bolt of cold
             ... in an ice cave.
             The game lasted 00:43:03 (6210 turns).

M4edhros the Martial Artist (Octopode Necromancer)  Turns: 6210, Time: 00:43:04

Health: -4/82      AC:  3    Str: 18    XL:     12   Next: 75%
Magic:  8/15       EV: 21    Int: 30    God:    Cheibriados [*****.]
Gold:   622        SH: 14    Dex: 28    Spells: 4 memorised, 6 levels left

rFire  . . .     SeeInvis .       - Unarmed
rCold  . . .     Gourm    .     h - +0 shield
rNeg   + . .     Faith    .     A - +2 hat
rPois  .         Spirit   .     (no amulet)
rElec  .         Dismiss  .     e - ring of flight
rCorr  +         Reflect  .     i - ring of resist corrosion
SustAt .         Harm     .     (no ring)
MR     +....                    D - ring of positive energy
Stlth  +++++.....               (no ring)
                                (no ring)
                                (no ring)
                                (no ring)

@: very slightly contaminated, regenerating (expiring), very slow, somewhat
resistant to hostile enchantments, quite stealthy
A: almost no armour, amphibious, 8 rings, constrict 8, camouflage 2, magic
resistance 1, weak 1, gelatinous body 1
a: Bend Time, Temporal Distortion, Slouch, Step From Time, Renounce Religion,
Evoke Flight


You were in an ice cave.
You worshipped Cheibriados.
Cheibriados was extremely pleased with you.
You were not hungry.

You visited 3 branches of the dungeon, and saw 16 of its levels.
You also visited: Sewer and Ice Cave.

You collected 622 gold pieces.

Inventory:

Hand Weapons
 g - a +0 blowgun
 r - a +3 flail of protection
Missiles
 C - 2 throwing nets (quivered)
Armour
 h - a +0 shield (worn)
 A - a +2 hat (worn)
Jewellery
 e - a ring of flight (left tentacle)
 i - a ring of resist corrosion (right tentacle)
 n - an uncursed ring of fire
 D - a ring of positive energy (on tentacle)
Wands
 j - a wand of iceblast (0/15)
 t - a wand of flame (14/48)
 u - a wand of iceblast (7/15)
 w - a wand of disintegration (7/24)
 y - a wand of lightning (0/15)
 B - a wand of enslavement (3/24)
 E - a wand of flame (34/48)
 J - a wand of lightning (5/15)
 K - a wand of lightning (7/15)
Scrolls
 m - 4 scrolls of immolation
 o - a scroll of enchant armour
 s - 4 scrolls of remove curse
 v - 2 scrolls of magic mapping
 I - 2 scrolls of enchant weapon
Potions
 k - 3 potions of cancellation
 p - a potion of flight
 H - a potion of berserk rage
Books
 a - a book of Necromancy

   Spells                             Type                      Level
   a - Pain                           Necromancy                   1
   b - Animate Skeleton               Necromancy                   1
   c - Vampiric Draining              Necromancy                   3
   d - Regeneration                   Charms/Necromancy            3
   e - Animate Dead                   Necromancy                   4
   f - Control Undead                 Necromancy                   4
 z - a book of Ice

   Spells                             Type                      Level
   a - Ice Form                       Ice/Transmutation            4
   b - Metabolic Englaciation         Hexes/Ice                    5
   c - Ozocubu's Refrigeration        Ice                          6
   d - Bolt of Cold                   Conjuration/Ice              6
   e - Freezing Cloud                 Conjuration/Ice/Air          6
   f - Simulacrum                     Ice/Necromancy               6
Miscellaneous
 G - an ornate deck of defence {drawn: 9}
Comestibles
 b - 5 bread rations
 l - a slice of pizza
 q - 25 fruits
 x - a beef jerky


   Skills:
 + Level 8.1 Fighting
 + Level 8.5 Dodging
 - Level 2.6 Stealth
 * Level 11.1 Shields
 + Level 12.0 Unarmed Combat
 - Level 2.0 Spellcasting
 - Level 4.0 Necromancy
 - Level 4.8 Invocations
 + Level 2.5 Evocations


You had 6 spell levels left.
You knew the following spells:

 Your Spells              Type           Power        Failure   Level  Hunger
a - Pain                  Necr           ####         2%          1    None
b - Animate Skeleton      Necr           N/A          2%          1    None
c - Animate Dead          Necr           N/A          24%         4    ####...
r - Regeneration          Chrm/Necr      ###.......   17%         3    ###....


Dungeon Overview and Level Annotations

Branches:
Dungeon (10/15)            Temple (1/1) D:4            Lair (5/8) D:9
  Swamp (0/4) Lair:5        Snake (0/4) Lair:5          Orc (0/2) D:9

Altars:
Ashenzari
Cheibriados
Gozag
Makhleb
Nemelex Xobeh
Qazlal
Ru
Sif Muna
Trog
Vehumet
Yredelemnul
The Shining One

Shops:
D:10 =

Annotations:
D:6 Duvessa, Pikel
Lair:3 Harold IceCv exclusion: 2 ice statues


Innate Abilities, Weirdness & Mutations

You cannot wear most types of armour.
You are amphibious.
You can wear up to eight rings at the same time.
You can use your tentacles to constrict eight enemies at once.
Your skin blends seamlessly with your surroundings (Stealth).
Your rubbery body absorbs attacks (AC +1).
You are resistant to hostile enchantments.
You are weak. (Str -2)


Message History

You tentacle-slap the ice statue. You squeeze the ice statue!
The ice statue is moderately damaged.
The ice statue gestures at you. The bolt of cold hits you!
You tentacle-slap the ice statue but do no damage.
You squeeze the ice statue, but do no damage.
The ice statue is moderately damaged.
The ice statue gestures at you. The bolt of cold hits you!
* * * LOW HITPOINT WARNING * * *
Read which item? (? for menu, Esc to quit)
Okay, then.
Evoke which item? (* to show all) (? for menu, Esc to quit)
Okay, then.
You tentacle-slap the ice statue but do no damage.
The ice statue is moderately damaged.
The ice statue glitters chillingly in the dim dungeon light.
The ice statue gestures at you. The bolt of cold hits you!
You die...

#.#.'.......'.#.#
#'######'######'#
#...............#
####8.#####.8####
##.# .?#.## #.#
⌠)#.# #.# .)#.#
#.##)##.#
#..@....#
####8#### ###


You could see an ice statue.

Vanquished Creatures
  The ghost of M4edhros the Grappler, a journeyman TrMo (IceCv)
  6 death yaks (Lair:4)
  Urug (Lair:2)
  A necromancer (IceCv)
  A hill giant (D:10)
  An ice statue (IceCv)
  A black mamba (Lair:4)
  7 spiny frogs
  A rime drake (Lair:3)
  A komodo dragon (Lair:1)
  8 ice devils (IceCv)
  Grinder (D:6)
  2 trolls
  A vampire (D:9)
  2 basilisks
  A wyvern (D:8)
  5 yaks (Lair:4)
  A hungry ghost (D:10)
  A hippogriff (Lair:2)
  Eustachio (D:6)
  A steam dragon (D:10)
  Edmund (D:6)
  4 nagas (Lair:5)
  5 water moccasins
  5 porcupines
  A sky beast (D:6)
  A phantom (D:8)
  2 orc warriors (D:9)
  5 ogres
  3 wolves (Lair:1)
  A centaur (D:8)
  5 crocodiles
  4 big kobolds
  2 giant frogs (Lair:2)
  3 gnoll sergeants (D:9)
  Dowan (D:6)
  4 scorpions
  3 wights (D:7)
  An electric eel (Lair:4)
  3 howler monkeys
  A crimson imp (D:6)
  A jelly (D:9)
  3 centaur zombies
  2 hounds
  5 orc priests
  A giant frog skeleton (D:10)
  6 orc wizards
  4 iguanas
  5 worker ants
  A troll simulacrum (IceCv)
  4 centaur simulacra (IceCv)
  3 gnolls (D:9)
  9 adders
  3 naga simulacra (IceCv)
  2 ogre simulacra (IceCv)
  16 river rats
  5 shadow imps
  An ooze (D:2)
  A worm (D:4)
  A dart slug (D:2)
  A giant gecko (D:8)
  14 orcs
  3 bats
  3 giant cockroaches
  3 goblins
  A hobgoblin (D:8)
  8 jackals
  6 kobolds
  3 quokkas
  2 giant newts (D:3)
  5 rats
222 creatures vanquished.

Vanquished Creatures (collateral kills)
  A hill giant (D:10)
  A komodo dragon (Lair:3)
  A polar bear (Lair:4)
  A yak (Lair:4)
  2 water moccasins
  An ice beast (D:9)
  An orc warrior (D:9)
  A wolf (Lair:1)
  3 crocodiles
  A howler monkey (D:9)
  An iguana (Lair:2)
  A worker ant (D:9)
  4 adders
  4 river rats
  A shadow imp (D:5)
  2 orcs (D:6)
  A giant cockroach (D:6)
  A giant gecko skeleton (D:7)
  A rat (D:3)
  A fungus (Lair:2)
  A plant (Lair:2)
31 creatures vanquished.

Vanquished Creatures (others)
  A spiny frog (Lair:3)
  A crocodile (Lair:2)
  7 fungi
  A plant (Lair:2)
10 creatures vanquished.

Grand Total: 263 creatures vanquished

Notes
Turn   | Place    | Note
--------------------------------------------------------------
     0 | D:1      | M4edhros the Octopode Necromancer began the quest for the Orb.
     0 | D:1      | Reached XP level 1. HP: 11/11 MP: 3/3
    41 | D:2      | Reached skill level 1 in Unarmed Combat
    48 | D:2      | Reached XP level 2. HP: 8/17 MP: 5/5
    68 | D:2      | Reached skill level 2 in Unarmed Combat
    88 | D:2      | Found a deep blue altar of Sif Muna.
   192 | D:2      | Found a faded altar to an unknown god.
   200 | D:2      | Reached XP level 3. HP: 8/21 MP: 6/6
   217 | D:2      | HP: 1/21 [poisoned by an adder]
   228 | D:2      | Learned a level 1 spell: Animate Skeleton
   232 | D:2      | Learned a level 3 spell: Regeneration
   415 | D:3      | Reached skill level 3 in Unarmed Combat
   489 | D:3      | Found a bloodstained altar of Trog.
   587 | D:4      | Found a shattered altar of Ashenzari.
   746 | D:4      | Reached XP level 4. HP: 17/27 MP: 7/7
   752 | D:4      | Reached skill level 4 in Unarmed Combat
   783 | D:4      | Found a staircase to the Ecumenical Temple.
   793 | Temple   | Entered the Ecumenical Temple
   836 | Temple   | Became a worshipper of Cheibriados the Contemplative
   856 | D:4      | Reached XP level 5. HP: 28/31 MP: 8/8
   917 | D:4      | Reached skill level 5 in Unarmed Combat
   940 | D:4      | Found a glowing drain.
   951 | Sewer    | Entered a sewer
  1001 | Sewer    | Noticed a big kobold
  1021 | Sewer    | Killed a big kobold
  1021 | Sewer    | Reached XP level 6. HP: 30/36 MP: 3/9
  1023 | Sewer    | Reached * piety under Cheibriados
  1045 | Sewer    | Found a white marble altar of Elyvilon.
  1161 | D:5      | Entered Level 5 of the Dungeon
  1171 | D:5      | Reached skill level 6 in Unarmed Combat
  1305 | D:5      | Found a stormy altar of Qazlal.
  1532 | D:6      | Noticed a slave
  1542 | D:6      | Noticed a slave
  1543 | D:6      | Noticed Pikel
  1543 | D:6      | Noticed a slave
  1543 | D:6      | Noticed a slave
  1550 | D:6      | Noticed Grinder
  1577 | D:6      | HP: 1/36 [Grinder (2)]
  1579 | D:6      | Killed Grinder
  1579 | D:6      | Reached skill level 7 in Unarmed Combat
  1579 | D:6      | Reached XP level 7. HP: 27/41 MP: 3/10
  1617 | D:6      | Noticed Edmund
  1624 | D:6      | Reached ** piety under Cheibriados
  1624 | D:6      | Reached skill level 8 in Unarmed Combat
  1635 | D:6      | Killed Edmund
  1635 | D:6      | Reached XP level 8. HP: 15/46 MP: 1/11
  1647 | D:6      | Gained mutation: Your skin blends seamlessly with your surroundings (Stealth). [mutagenic meat]
  1648 | D:6      | Gained mutation: You are resistant to hostile enchantments. [mutagenic meat]
  1649 | D:6      | Gained mutation: You are weak. (Str -2) [mutagenic meat]
  1766 | D:6      | Noticed Duvessa
  1767 | D:6      | Noticed Dowan
  1770 | D:6      | Noticed Eustachio
  1777 | D:6      | Killed Eustachio
  1777 | D:6      | Reached skill level 1 in Fighting
  1777 | D:6      | Reached skill level 1 in Invocations
  1778 | D:6      | Killed Dowan
  1839 | D:6      | Reached skill level 9 in Unarmed Combat
  2269 | D:9      | Found a basalt altar of Yredelemnul.
  2281 | D:9      | Noticed a vampire
  2282 | D:9      | Found a glowing golden altar of the Shining One.
  2292 | D:9      | Found a staircase to the Lair.
  2435 | D:7      | Reached *** piety under Cheibriados
  2530 | D:7      | Reached skill level 1 in Shields
  2690 | D:7      | Reached XP level 9. HP: 55/55 MP: 12/12
  2977 | D:8      | Found a radiant altar of Vehumet.
  3048 | D:8      | Noticed a troll
  3054 | D:8      | Killed a troll
  3134 | D:10     | Entered Level 10 of the Dungeon
  3138 | D:10     | Found a snail-covered altar of Cheibriados.
  3180 | D:10     | Reached **** piety under Cheibriados
  3212 | D:10     | Noticed a hill giant
  3226 | D:10     | Killed a hill giant
  3284 | D:10     | Found Uteiph's Jewellery Emporium.
  3445 | D:10     | Reached XP level 10. HP: 61/65 MP: 10/13
  3488 | D:10     | Reached skill level 5 in Dodging
  3488 | D:10     | Reached skill level 5 in Shields
  3488 | D:10     | Reached skill level 10 in Unarmed Combat
  3505 | D:10     | Noticed a hill giant
  3509 | D:10     | Killed a hill giant
  3577 | D:9      | Found a staircase to the Orcish Mines.
  3581 | D:9      | Reached skill level 5 in Fighting
  3590 | D:9      | Learned a level 4 spell: Animate Dead
  3690 | D:9      | Noticed an angel
  3711 | D:9      | Found an opulent altar of Gozag.
  3785 | Lair:1   | Entered Level 1 of the Lair of Beasts
  3983 | Lair:1   | Reached XP level 11. HP: 66/72 MP: 14/14
  4097 | Lair:2   | Noticed Urug
  4116 | Lair:2   | Killed Urug
  4149 | Lair:2   | Reached ***** piety under Cheibriados
  4352 | Lair:3   | Noticed Harold
  4690 | Lair:3   | Reached skill level 11 in Unarmed Combat
  4863 | Lair:4   | Noticed a death yak
  4863 | Lair:4   | Noticed a death yak
  4863 | Lair:4   | Noticed a death yak
  4863 | Lair:4   | Noticed a death yak
  4863 | Lair:4   | Noticed a death yak
  4863 | Lair:4   | Noticed a death yak
  4873 | Lair:4   | Killed a death yak
  4877 | Lair:4   | Killed a death yak
  4878 | Lair:4   | Killed a death yak
  4878 | Lair:4   | Reached skill level 10 in Shields
  4878 | Lair:4   | Reached XP level 12. HP: 22/81 MP: 0/15
  4881 | Lair:4   | Killed a death yak
  4886 | Lair:4   | Killed a death yak
  4889 | Lair:4   | Killed a death yak
  5209 | Lair:5   | Found a staircase to the Swamp.
  5217 | Lair:5   | Found a staircase to the Snake Pit.
  5301 | Lair:5   | Found a frozen archway.
  5324 | IceCv    | Entered an ice cave
  5324 | IceCv    | Noticed M4edhros's ghost (journeyman TrMo)
  5345 | IceCv    | Killed M4edhros's ghost
  5345 | IceCv    | Reached skill level 1 in Evocations
  5733 | IceCv    | HP: 4/82 [ice devil (7)]
  5938 | IceCv    | Reached skill level 12 in Unarmed Combat
  6210 | IceCv    | Killed from afar by an ice statue

Vault maps used:
D:1:      sevenhm_arrival_forest_fort_small_3, hangedman_decor_points
D:2:      grunt_temple_overflow_growth_and_decay, lemuel_crystal_altar,
          ecumenical_altar_1, uniq_jessica
D:3:      minitemple, first_bread
D:4:      kennysheep_mini, nicolae_overflow_crystal_walls,
          minmay_temple_entry_crystal_x, gup_sewer_entry_bubbles
D:5:      nicolae_qazlal_eye_of_the_storm, serial_glass, glass_columns_c,
          glass_columns_b, due_unseen_surprise, kennysheep_generic_room_15,
          uniq_sigmund
D:6:      kennysheep_mini_moat, eino_small_chamber_without_monster,
          minivault_22, uniq_duvessa, uniq_pikel, uniq_eustachio, uniq_grinder,
          uniq_edmund
D:8:      vehumet_altar_wand_db
D:9:      kennysheep_orc_sif_temple, nicolae_gozag_seed_capital,
          kennysheep_little_box, lair_0_dummy,
          kennysheep_orc_monster_closet_entryway, lemuel_angel_altar
D:10:     basic_altar, serial_shops, nicolae_shop_stone, blue_anna_alchemist
Temple:   nicolae_temple_figure_zero
Lair:1:   lemuel_fruit_tree, grunt_megastairs_3
Lair:2:   uniq_urug
Lair:3:   uniq_harold
Lair:4:   infiniplex_staircase_pool
Lair:5:   swamp_mist_pool, guppyfry_snake_entry_garden,
          portal_ice_cave_entry_pillars_02
Sewer:    sewer_kobolds
IceCv:    ice_cave_tombish

Skill      XL: |  1  2  3  4  5  6  7  8  9 10 11 12 |
---------------+-------------------------------------+-----
Unarmed Combat | 1 2 3 4 5 7 8 9 10 11 12 | 12.0
Fighting       | 2 4 5 7 8 |  8.1
Invocations    | 3 4 |  4.8
Dodging        | 3 4 6 7 8 |  8.5
Shields        | 1 4 7 10 11 | 11.1
Evocations     | 2 |  2.5
Stealth        | |  2.6
Spellcasting   | |  2.0
Necromancy     | |  4.0

Action                   |  1- 3 |  4- 6 |  7- 9 | 10-12 || total
-------------------------+-------+-------+-------+-------++-------
Melee: Unarmed           |    39 |     3 |    73 |   270 ||   385
       Constrict         |    11 |    12 |    46 |    52 ||   121
       Tentacles         |     3 |    14 |    50 |   161 ||   228
       Punch             |     1 |     2 |    13 |    56 ||    72
       Flail             |       |    60 |   116 |   102 ||   278
 Cast: Pain              |    19 |       |       |       ||    19
       Animate Skeleton  |     4 |     5 |    19 |    31 ||    59
       Regeneration      |     2 |    10 |    34 |    76 ||   122
       Animate Dead      |       |       |       |     4 ||     4
Invok: Bend Time         |       |       |     1 |     1 ||     2
       Slouch            |       |       |       |     5 ||     5
       Temporal Distorti |       |       |       |     1 ||     1
Evoke: Wand              |       |     2 |     8 |    30 ||    40
       Deck              |       |       |       |     9 ||     9
  Use: Potion            |     2 |     3 |     5 |     8 ||    18
       Scroll            |     3 |     3 |    10 |     9 ||    25
 Stab: Sleeping          |     3 |     2 |    12 |    21 ||    38
       Distracted        |       |       |     1 |     5 ||     6
  Eat: Chunk             |     1 |     3 |    11 |     4 ||    19
       Meat ration       |       |       |       |     3 ||     3
       Bread ration      |       |       |       |     1 ||     1
Armor: Skin              |     6 |    16 |    36 |    30 ||    88
Dodge: Dodged            |    24 |    39 |   162 |   220 ||   445
Block: Shield            |       |       |     1 |   115 ||   116
